 Seeded DCSS version 0.29-a0-582-ge82337ba6a (webtiles) character file.

Game seed: 585938074022289478 (custom seed)

19061 happo123 the Grappler (level 12, -12/115 HPs)
             Began as a Troll Warper on June 14, 2022.
             Was a High Priest of Jiyva.
             Mangled by a hell knight
             ... wielding a +1 broad axe of flaming
              (15 damage)
             ... in a volcano.
             The game lasted 00:38:32 (10812 turns).

happo123 the Grappler (Troll Warper)               Turns: 10812, Time: 00:38:33

Health: -12/115    AC: 12    Str: 30    XL:     12   Next: 33%
Magic:  13/18      EV: 11    Int: 15    God:    Jiyva [*****.]
Gold:   509        SH:  0    Dex:  9    Spells: 10/21 levels left

rFire   + . .      SeeInvis +     - Unarmed
rCold   . . .      Faith    .   (no shield)
rNeg    . . .      Spirit   .   E - +3 troll leather armour
rPois   .          Reflect  .   (helmet restricted)
rElec   .          Harm     .   i - +0 cloak
rCorr   +          Rampage  .   (gloves unavailable)
Will    .....                   (boots unavailable)
Stlth   ++........              (no amulet)
HPRegen 3.33/turn               t - ring of Demons {rC+ Str+6 Int+2 SInv}
MPRegen 0.61/turn               B - ring of fire

@: slimy, calling ooze
A: large, unfitting armour, claws 3, regeneration 1, shaggy fur 1, tough skin 1,
iridescent scales 2, see invisible, strong 1, wild magic 1, pseudopods 1,
translucent skin 1, evolution 2, MP-powered wands
a: Renounce Religion, Oozemancy, Slimify


You were in a volcano.
You worshipped Jiyva.
Jiyva was extremely pleased with you.
You visited 3 branches of the dungeon, and saw 14 of its levels.
You also visited: Volcano.

You collected 509 gold pieces.

Inventory:

Hand Weapons
 m - a +0 arbalest
 H - the +3 rapier of Kiar {vorpal, rElec rPois Dex-4 SInv}
   (You found it on level 10 of the Dungeon)

   It inflicts extra damage upon your enemies.
   Dex:       It affects your dexterity (-4).
   rElec:     It insulates you from electricity.
   rPois:     It protects you from poison.
   SInv:      It lets you see invisible.
Missiles
 c - 7 boomerangs of dispersal (quivered)
 l - 15 boomerangs
Armour
 a - a +0 robe
 i - a +0 cloak (worn)
 r - a +1 robe of fire resistance
 E - a +3 troll leather armour (worn)
 I - a +2 robe of willpower
 M - +0 acid dragon scales
Jewellery
 t - the ring of Demons (left claw) {rC+ Str+6 Int+2 SInv}
   (You found it on level 5 of the Dungeon)

   [ring of strength]

   Str:       It affects your strength (+6).
   Int:       It affects your intelligence (+2).
   rC:        It protects you from cold.
   SInv:      It lets you see invisible.
 B - a ring of fire (right claw)
Wands
 x - a wand of iceblast (8)
 G - a wand of flame (11)
Scrolls
 e - 2 scrolls of vulnerability {unknown}
 g - a scroll of identify
 j - 2 scrolls of fear
 k - 3 scrolls of amnesia {unknown}
 p - a scroll of immolation
 v - a scroll of teleportation {unknown}
 y - a scroll of acquirement
 D - a scroll of poison
 K - a scroll of fog {unknown}
 L - 3 scrolls of enchant weapon
 O - a scroll of noise {unknown}
Potions
 d - 7 potions of curing
 f - a potion of invisibility
 h - 2 potions of berserk rage
 n - a potion of cancellation {unknown}
 o - 3 potions of degeneration
 q - 3 potions of brilliance
 s - a potion of magic {unknown}
 u - 2 potions of lignification {unknown}
 z - 2 potions of mutation
 A - a potion of ambrosia {unknown}
 C - a potion of attraction {unknown}
 F - a potion of resistance
 J - a potion of heal wounds {unknown}
 N - a potion of flight {unknown}
 P - a potion of might {unknown}
Miscellaneous
 w - a box of beasts


   Skills:
 + Level 6.8 Fighting
 - Level 0.8 Throwing
 + Level 1.3 Armour
 + Level 6.7 Dodging
 * Level 11.3 Unarmed Combat
 + Level 5.1 Spellcasting
 * Level 8.8 Translocations


You had 10 spell levels left.
You knew the following spells:

 Your Spells              Type           Power      Damage    Failure   Level
a - Blink                 Tloc           78%        N/A       1%          2
b - Gell's Gravitas       Tloc           39%        N/A       2%          3
c - Lesser Beckoning      Tloc           39%        N/A       2%          3
d - Teleport Other        Tloc           39%        N/A       2%          3

Your spell library contained the following spells:

 Spells                   Type           Power      Damage    Failure   Level
 Manifold Assault         Tloc           39%        N/A       19%         5
 Foxfire                  Conj/Fire      28%        2x1d5     26%         1
 Conjure Flame            Conj/Fire      7%         6-21      56%         3
 Inner Flame              Hex/Fire       7%         N/A       56%         3
 Ozocubu's Armour         Ice            5%         N/A       56%         3
 Flame Wave               Conj/Fire      7%         2d5       91%         4
 Ozocubu's Refrigeration  Ice            2%         4d5       100%        7


Dungeon Overview and Level Annotations

Branches:
Dungeon (11/15)            Temple (1/1) D:4            Lair (2/6) D:8
Volcano (1/1)
  Swamp: Lair:2-4    Shoals: Lair:2-4     Snake: Lair:2-4    Spider: Lair:2-4
    Orc: D:9-12

Altars:
Ashenzari
Cheibriados
Dithmenos
Elyvilon
Fedhas
Gozag
Hepliaklqana
Kikubaaqudgha
Makhleb
Nemelex Xobeh
Okawaru
Qazlal
Ru
Sif Muna
Trog
Uskayaw
Vehumet
Wu Jian
Xom
Yredelemnul
Zin
The Shining One
Jiyva

Shops:
D:11 *


Innate Abilities, Weirdness & Mutations

You are too large for most types of armour.
You have claws for hands.
Your natural rate of healing is unusually fast.
You are covered in fur. (AC +1)
You have tough skin. (AC +1)
You are mostly covered in iridescent scales. (AC +4)
You have supernaturally acute eyesight. (SInv)
Your muscles are strong. (Str +2)
Your spells are a little harder to cast, but a little more powerful.
Armour fits poorly on your pseudopods.
Your translucent skin slightly reduces your foes' accuracy. (Stealth+)
You have great hidden genetic potential.
You expend magic power (3 MP) to strengthen your wands.


Message History

You mangle the two-headed ogre!!
You bludgeon the two-headed ogre, but do no damage.
The two-headed ogre is almost dead.
The two-headed ogre hits you with a +3 great mace of flaming!
The two-headed ogre burns you.
The two-headed ogre hits you with a +0 giant club of flaming!!
The two-headed ogre burns you.
Casting: Blink (safe; 1% risk of failure)
Confirm with . or Enter, or press ? or * to list all spells.
Okay, then.
A thick mucus forms on your claws.
The hell knight hits you with a +1 broad axe of flaming!
The hell knight burns you.
You completely miss the two-headed ogre.
You bludgeon the two-headed ogre, but do no damage.
The two-headed ogre is almost dead.
The two-headed ogre hits you with a +3 great mace of flaming!
The two-headed ogre burns you.
* * * LOW HITPOINT WARNING * * *
The two-headed ogre closely misses you.
The hell knight hits you with a +1 broad axe of flaming!!
* * * LOW HITPOINT WARNING * * *
The hell knight burns you.
* * * LOW HITPOINT WARNING * * *
Blink to where?
Press: ? - help, Dir - move target
As you read the scroll of blinking, it crumbles to dust.
There is an open door here.
Activating: Oozemancy (1% risk of failure)
Press: ? - help, Dir - look around, f - activate Slime begins to ooze from the nearby walls!
The wall burns the hell knight!
The walls burn the hell knight!
The hell knight hits you with a +1 broad axe of flaming!
* * * LOW HITPOINT WARNING * * *
The hell knight burns you.
* * * LOW HITPOINT WARNING * * *
The wall burns the two-headed ogre!
The hell knight attacks as you move away!
The hell knight hits you with a +1 broad axe of flaming!
You die...

##$$$## #..8..# #
#.....##.# #.....8[[#
######### #.§⌠..#
##.......#### ##...##
##§≈.§≈.....#### ##'###
§.§≈§§≈≈§.....8###O..#
≈≈≈§§≈≈≈§§......@p.∩.+
§≈≈§§§§§§≈....8###...#
§§≈≈§§§≈≈≈≈..### ##'### ##
≈≈§§§§≈§§≈≈..### ##)..##[$#
§≈§§≈≈≈≈§§≈§...# #..⌠..#!$#
≈≈≈≈§§≈≈§§§§≈..###.....8)(#
≈≈≈≈≈§≈§§§§§≈....#.....##.#
≈§≈§≈§≈≈§≈≈≈≈≈...#..8..# #
§§≈§§§§≈§≈≈≈≈...###...##


You could see a hell knight (fast) and a two-headed ogre.

Vanquished Creatures
  3 two-headed ogres
  The ghost of hquester1 the Covert, a journeyman DECj of Sif Muna (D:10)
  Nergalle (D:10)
  The ghost of porpoise the Chopper, a novice DsFi of Yredelemnul (D:8)
  A black mamba (Lair:1)
  A centaur zombie (D:10)
  A gargoyle (D:10)
  3 cane toads
  A rime drake (Lair:2)
  8 komodo dragons
  An unseen horror zombie (D:10)
  2 trolls
  2 hornets
  Grinder (D:6)
  Sigmund (D:4)
  A wyvern (Lair:1)
  7 fire bats (Volcano)
  33 yaks
  6 water moccasins
  An acid dragon (D:11)
  2 ice beasts
  An orc warrior (D:8)
  3 black bears
  A sky beast (D:7)
  2 ogres
  4 centaurs
  3 wolves (Lair:1)
  4 bullfrogs
  A necrophage (D:4)
  A gnoll sergeant (D:8)
  6 scorpions
  4 wights (D:7)
  9 killer bees
  6 howler monkeys
  7 lava snakes (Volcano)
  A crimson imp (D:8)
  3 orc priests (D:8)
  Crazy Yiuf (D:5)
  A gnoll shaman (D:9)
  2 iguanas
  13 orc wizards
  A statue (D:4)
  13 gnolls
  4 adders
  2 shadow imps
  2 white imps
  3 ufetubi
  2 worms (D:2)
  2 dart slugs (D:1)
  20 orcs
  9 ball pythons
  4 endoplasms
  6 giant cockroaches
  6 goblins
  9 hobgoblins
  8 jackals (D:1)
  A quokka (D:2)
  4 bats
  5 frilled lizards (D:1)
  3 kobolds
  4 rats
259 creatures vanquished.

Vanquished Creatures (others)
  An unseen horror (D:11)
  A yak (Lair:1)
  2 bullfrogs
  27 jellies
  A howler monkey (D:6)
  A hound (D:6)
  An adder (D:6)
  A white imp (D:6)
  An ufetubus (D:6)
  A giant cockroach (D:4)
  2 ball pythons (D:4)
  A kobold (D:4)
  33 fungi
  34 plants
  2 withered plants (D:8)
109 creatures vanquished.

Grand Total: 368 creatures vanquished

Notes
Turn   | Place    | Note
-------+----------+-------------------------------------------
     0 | D:1      | happo123 the Troll Warper began the quest for the Orb.
     0 | D:1      | Reached XP level 1. HP: 19/19 MP: 1/1
   250 | D:1      | Reached XP level 2. HP: 23/28 MP: 2/2
   448 | D:1      | Reached XP level 3. HP: 35/35 MP: 4/4
   929 | D:2      | Reached skill level 3 in Unarmed Combat
   942 | D:2      | Reached XP level 4. HP: 36/42 MP: 5/5
  2457 | D:3      | Found a faded altar of an unknown god.
  2605 | D:4      | Found a staircase to the Ecumenical Temple.
  2612 | Temple   | Entered the Ecumenical Temple
  2625 | Temple   | Became a worshipper of Jiyva Joywnoca the Shapeless
  2732 | D:4      | Noticed Sigmund
  2736 | D:4      | Killed Sigmund
  2737 | D:4      | Reached skill level 4 in Unarmed Combat
  2737 | D:4      | Reached XP level 5. HP: 40/49 MP: 6/6
  2737 | D:4      | Reached XP level 6. HP: 47/57 MP: 7/7
  3007 | D:4      | Found a radiant altar of Vehumet.
  3184 | D:4      | Found a shimmering blue altar of Sif Muna.
  3303 | D:5      | Entered Level 5 of the Dungeon
  3349 | D:5      | Reached * piety under Jiyva
  3387 | D:5      | Found a sparkling altar of Nemelex Xobeh.
  3561 | D:5      | Identified the ring of Demons {rC+ Str+6 Int+2 SInv}
  3681 | D:5      | Found a white marble altar of Elyvilon.
  3748 | D:5      | Reached ** piety under Jiyva
  3781 | D:5      | Reached XP level 7. HP: 55/66 MP: 9/9
  4303 | D:5      | Found a runed translucent door.
  4306 | D:5      | Noticed Crazy Yiuf
  4311 | D:5      | Killed Crazy Yiuf
  4388 | D:6      | Reached skill level 5 in Unarmed Combat
  4547 | D:6      | Found a shadowy altar of Dithmenos.
  4653 | D:6      | Reached *** piety under Jiyva
  4653 | D:6      | Gained mutation: Your translucent skin slightly reduces
                  | your foes' accuracy. (Stealth+) [Jiyva's grace]
  4653 | D:6      | Gained mutation: Your translucent skin reduces your foes'
                  | accuracy. (Stealth+) [Jiyva's grace]
  4653 | D:6      | Gained mutation: Your transparent skin significantly
                  | reduces your foes' accuracy. (Stealth+) [Jiyva's grace]
  4653 | D:6      | Gained mutation: You have supernaturally acute eyesight.
                  | (SInv) [Jiyva's grace]
  4724 | D:6      | Noticed Grinder
  4735 | D:6      | Killed Grinder
  4736 | D:6      | Reached XP level 8. HP: 74/75 MP: 10/10
  5093 | D:6      | Reached **** piety under Jiyva
  5689 | D:7      | Reached skill level 6 in Unarmed Combat
  5725 | D:7      | Noticed a hornet
  5738 | D:7      | Killed a hornet
  5781 | D:7      | Found a sacrificial altar of Ru.
  5961 | D:7      | Gained mutation: You have a small jelly attached to you
                  | that may absorb projectiles. [Jiyva's grace]
  5961 | D:7      | Gained mutation: Your melee attacks may engulf your foes in
                  | ooze. [Jiyva's grace]
  5961 | D:7      | Gained mutation: Your spells are a little harder to cast,
                  | but a little more powerful. [Jiyva's grace]
  5961 | D:7      | Gained mutation: Your spells are harder to cast, but more
                  | powerful. [Jiyva's grace]
  5965 | D:7      | Learned a level 2 spell: Blink
  5969 | D:7      | Learned a level 3 spell: Gell's Gravitas
  5973 | D:7      | Learned a level 3 spell: Lesser Beckoning
  5977 | D:7      | Learned a level 3 spell: Teleport Other
  5990 | D:7      | Reached skill level 5 in Translocations
  6004 | D:7      | Found an opulent altar of Gozag.
  6201 | D:7      | Reached XP level 9. HP: 45/80 MP: 12/12
  6248 | D:7      | Found a hazy altar of Hepliaklqana.
  6249 | D:7      | Found a shimmering altar of Xom.
  6250 | D:7      | Noticed a spectral ugly thing
  6341 | D:7      | Found a hide-covered altar of Uskayaw.
  6424 | D:8      | Reached skill level 7 in Unarmed Combat
  6746 | D:8      | Found a burning altar of Makhleb.
  6835 | D:8      | Found a runed translucent door.
  6835 | D:8      | Noticed porpoise's ghost (novice DsFi)
  6908 | D:8      | HP: 4/85 [poisoned by a killer bee]
  7006 | D:8      | Found a staircase to the Lair.
  7032 | D:8      | Killed porpoise's ghost
  7033 | D:8      | Reached skill level 8 in Unarmed Combat
  7119 | D:9      | Reached XP level 10. HP: 70/94 MP: 11/14
  7162 | D:9      | Noticed a two-headed ogre
  7173 | D:9      | Killed a two-headed ogre
  7174 | D:9      | Reached skill level 5 in Fighting
  7174 | D:9      | Reached skill level 5 in Dodging
  7570 | D:10     | Entered Level 10 of the Dungeon
  7584 | D:10     | Noticed a gargoyle
  7601 | D:10     | Killed a gargoyle
  7602 | D:10     | Reached skill level 9 in Unarmed Combat
  7726 | D:10     | Identified the +3 rapier of Kiar {vorpal, rElec rPois Dex-4
                  | SInv}
  7854 | D:10     | Noticed Nergalle
  7861 | D:10     | Killed Nergalle
  8032 | D:10     | Identified a scroll of acquirement
  8065 | D:10     | Found an ornate altar of the Wu Jian Council.
  8125 | D:10     | Found a runed translucent gate.
  8125 | D:10     | Found a runed translucent gate.
  8125 | D:10     | Found a runed translucent gate.
  8125 | D:10     | Noticed hquester1's ghost (journeyman DECj)
  8127 | D:10     | Found a basalt altar of Yredelemnul.
  8148 | D:10     | Reached XP level 11. HP: 103/104 MP: 16/16
  8376 | D:10     | Lost mutation: Your spells are harder to cast, but more
                  | powerful. [Jiyva's grace]
  8376 | D:10     | Lost mutation: Your transparent skin significantly reduces
                  | your foes' accuracy. (Stealth+) [Jiyva's grace]
  8376 | D:10     | Lost mutation: Your translucent skin reduces your foes'
                  | accuracy. (Stealth+) [Jiyva's grace]
  8376 | D:10     | Gained mutation: You are partially covered in iridescent
                  | scales. (AC +2) [Jiyva's grace]
  8376 | D:10     | Gained mutation: You are mostly covered in iridescent
                  | scales. (AC +4) [Jiyva's grace]
  8376 | D:10     | Gained mutation: You are completely covered in iridescent
                  | scales. (AC +6) [Jiyva's grace]
  8376 | D:10     | Gained mutation: Armour fits poorly on your pseudopods.
                  | [Jiyva's grace]
  8644 | D:10     | Killed hquester1's ghost
  8769 | D:11     | Reached ***** piety under Jiyva
  8830 | D:11     | Found Lusulimy's Assorted Antiques.
  9003 | D:11     | Reached skill level 10 in Unarmed Combat
  9018 | D:11     | Noticed a two-headed ogre
  9024 | D:11     | Killed a two-headed ogre
  9314 | Lair:1   | Entered Level 1 of the Lair of Beasts
  9526 | Lair:1   | Found a sparkling altar of Nemelex Xobeh.
  9867 | Lair:1   | Reached XP level 12. HP: 115/115 MP: 18/18
 10215 | Lair:2   | Lost mutation: You are completely covered in iridescent
                  | scales. (AC +6) [Jiyva's grace]
 10215 | Lair:2   | Lost mutation: You have a small jelly attached to you that
                  | may absorb projectiles. [Jiyva's grace]
 10215 | Lair:2   | Lost mutation: Your melee attacks may engulf your foes in
                  | ooze. [Jiyva's grace]
 10215 | Lair:2   | Gained mutation: You have hidden genetic potential.
                  | [Jiyva's grace]
 10215 | Lair:2   | Gained mutation: You have great hidden genetic potential.
                  | [Jiyva's grace]
 10215 | Lair:2   | Gained mutation: You expend magic power (3 MP) to
                  | strengthen your wands. [Jiyva's grace]
 10215 | Lair:2   | Gained mutation: Your muscles are strong. (Str +2) [Jiyva's
                  | grace]
 10276 | Lair:2   | Reached skill level 5 in Spellcasting
 10293 | Lair:2   | Reached skill level 11 in Unarmed Combat
 10348 | Lair:2   | Reached ****** piety under Jiyva
 10515 | Lair:2   | Noticed a seven-headed hydra
 10552 | Lair:2   | Slimified an eight-headed hydra
 10552 | Lair:2   | Noticed an azure jelly
 10552 | Lair:2   | an eight-headed hydra changed into an azure jelly
 10615 | Lair:2   | Found a dark tunnel.
 10620 | Volcano  | Entered a volcano
 10683 | Volcano  | Reached skill level 1 in Armour
 10775 | Volcano  | Noticed a two-headed ogre
 10776 | Volcano  | Noticed a two-headed ogre
 10779 | Volcano  | Killed a two-headed ogre
 10800 | Volcano  | Noticed a two-headed ogre
 10811 | Volcano  | HP: 3/115 [hell knight/+1 broad axe of flaming (4)]
 10812 | Volcano  | Mangled by a hell knight

Illustrated notes

Levels and vault maps discovered:
D:1:      dpeg_arrival_rooms_a, layout_loops_cross, minmay_shallow_snake_nest
D:2:      layout_basic, ebering_dispersal_statue_hall, grunt_decor_arrowhead,
          grunt_ministairs_3
D:3:      layout_loops_ring, hellmonk_ecumenical_altar_leap_of_faith
D:4:      layout_gridville, lemuel_blue_sif_altar, vehumet_statue,
          minmay_temple_entry_glass, uniq_sigmund
D:5:      layout_loops_corners, nicolae_elyvilon_temple_path,
          amcnicky_altar_gilded, minmay_misc_feat_square,
          uniq_crazy_yiuf_cottage
D:6:      layout_layer_cave, nicolae_dithmenos_shadow_blocks, minivault_24,
          uniq_grinder
D:7:      layout_basic, regret_index_temple_of_mockery, grunt_gozag_statues,
          marbit_many_paths, mainiacjoe_overflow_paths
D:8:      layout_loops_cross, makhleb_grotto_becter,
          grunt_lair_entry_orc_guard_hut, gammafunk_ghost_grave
D:9:      layout_rooms
D:10:     layout_stronghold, nzn_wu_jian_contemplation,
          nicolae_yredelemnul_ghost_church, uniq_nergalle
D:11:     layout_loops_ring, serial_shops, shop
Temple:   pf_slimified_temple
Lair:1:   layout_gridlike, basic_altar, beast_lair_carwin_10
Lair:2:   layout_regular_city, minmay_shoals_entry_lonely_mermaid,
          enter_volcano_4
Volcano:  volcano_grotto [vgs_many_chambers]

Skill      XL: |  1  2  3  4  5  6  7  8  9 10 11 12 |
---------------+-------------------------------------+-----
Dodging        | 2 3 4 5 6 |  6.7
Unarmed Combat | 3 4 5 6 8 9 10 11 | 11.3
Fighting       | 2 3 4 5 6 |  6.8
Translocations | 3 4 5 6 7 8 |  8.8
Spellcasting   | 2 3 4 5 |  5.1
Armour         | 1 |  1.3
Throwing       | |  0.8

Action                   |  1- 3 |  4- 6 |  7- 9 | 10-12 || total
-------------------------+-------+-------+-------+-------++-------
Melee: Unarmed           |   133 |   143 |   258 |   370 ||   904
       Punch             |     2 |     4 |     8 |    20 ||    34
       Pseudopods        |       |       |       |    51 ||    51
 Cast: Lesser Beckoning  |       |       |       |     1 ||     1
       Blink             |       |       |       |     2 ||     2
Invok: Oozemancy         |       |       |     4 |     2 ||     6
       Slimify           |       |       |       |     2 ||     2
  Use: Scroll            |       |       |     5 |     8 ||    13
       Potion            |       |       |     3 |       ||     3
 Stab: Sleeping          |       |     2 |     3 |     3 ||     8
Armor: Robe              |    62 |    48 |    84 |     3 ||   197
       Troll leather arm |       |       |       |   153 ||   153
Dodge: Dodged            |    83 |    58 |   147 |   180 ||   468

Table legend: (Time is in decaauts)
 A = Elapsed time spent in this place.
 B = Non-inter-level travel time spent in this place.
 C = Inter-level travel time spent in this place.
 D = Time resting spent in this place.
 E = Time spent auto-exploring this place.
 F = Levels seen in this place.
 G = Mean time per level.
                   A        B        C        D        E       F      G
               +--------+--------+--------+--------+--------+-----+--------+
         Total |  10698 |   9799 |    899 |      0 |   7790 |  15 |  713.2 |
       Dungeon |   9163 |   8690 |    473 |      0 |   7169 |  11 |  833.0 |
        Temple |     78 |     47 |     31 |      0 |     42 |   1 |   78.0 |
          Lair |   1275 |    880 |    395 |      0 |    579 |   2 |  637.5 |
       Volcano |    181 |    181 |      0 |      0 |      0 |   1 |  181.0 |
               +--------+--------+--------+--------+--------+-----+--------+

Top non-repeatable levels by time:
     D:2: 1223 daAuts
     D:6: 1166 daAuts
    D:10: 1148 daAuts
     D:5: 1071 daAuts
  Lair:1: 852 daAuts
     D:7: 829 daAuts
     D:1: 772 daAuts
     D:8: 703 daAuts
     D:4: 689 daAuts
     D:3: 524 daAuts
    D:11: 523 daAuts
     D:9: 508 daAuts
  Lair:2: 423 daAuts
 Volcano: 181 daAuts
  Temple: 78 daAuts
